AoeStats
← METALGOD

MegaRandom

509440719Analyzed
2v2 RM · 6d ago on Sep 26, 2026· 92m 32s· 4 players
Game mode
Random Map
Map size
Medium (4 player)
Population
200
Speed
Normal
Resources
Standard
Victory
Conquest
Starting age
Dark Age
Ending age
Imperial Age
RankedLock teamsTeams togetherTeam positionsShared explorationLock speedFull tech treeHidden civsTurbo modeCheats
Victory
Defeat
🇺🇸 Khmer · United States
511
+16
🇺🇸 Teutons · United States
510
+16
🇹🇷 Goths · Türkiye
531
-17
🇲🇽 Bohemians · Mexico
475
-15
Quest8014
7:19 Loom
16:59 Feudal Age
17:57 Feudal Age
18:52 Double-Bit Axe
19:57 Wheelbarrow
22:52 Castle Age
21:12 Horse Collar
24:20 Forging
24:10 Scale Mail Armor
24:11 Padded Archer Armor
24:25 Man-at-Arms
24:51 Arson
25:43 Fletching
25:53 Padded Archer Armor
29:50 Heavy Plow
30:04 Bow Saw
30:51 Iron Casting
30:32 Chain Mail Armor
31:08 Bloodlines
30:58 Husbandry
31:48 Caravan
33:57 Hand Cart
35:45 Pikeman
37:30 Coinage
36:38 Crossbowman
37:58 Bodkin Arrow
38:20 Chain Mail Armor
38:11 Scale Barding Armor
50:31 Imperial Age
49:46 Chain Barding Armor
49:22 Bodkin Arrow
52:12 Conscription
51:22 Capped Ram
54:07 Parthian Tactics
53:28 Long Swordsman
56:10 Heavy Scorpion
59:21 Elite Battle Elephant
62:32 Banking
62:22 Siege Engineers
62:38 Ballistics
65:17 Crop Rotation
65:32 Halberdier
79:17 Blast Furnace
78:53 Plate Barding Armor
79:06 Plate Barding Armor
78:31 Bracer
89:45 Arbalester
89:49 Arbalester
METALGOD
15:14 Feudal Age
18:31 Double-Bit Axe
25:05 Horse Collar
30:47 Castle Age
31:40 Gambesons
38:54 Imperial Age
38:09 Man-at-Arms
40:14 Wheelbarrow
51:44 Forging
53:32 Bow Saw
53:30 Heavy Plow
54:19 Medium Warships
54:36 Long Swordsman
55:55 Caravan
59:50 Hand Cart
65:26 Scale Mail Armor
Ender
15:07 Feudal Age
24:37 Double-Bit Axe
32:53 Castle Age
43:13 Anarchy
43:41 Squires
f_arlo
6:14 Loom
16:03 Feudal Age
17:07 Horse Collar
17:24 Double-Bit Axe
22:05 Man-at-Arms
37:26 Castle Age
38:21 Caravan
38:30 Heavy Plow
38:43 Bow Saw
44:20 Fortified Wall
45:11 Chemistry
44:01 Guard Tower
44:32 Ballistics
45:13 Fervor
45:21 Pikeman
46:02 Squires
45:48 Arson
46:48 Husbandry
48:19 Sanctity
48:47 Wheelbarrow
54:03 Imperial Age
54:13 Ballistics
53:48 Murder Holes
54:04 Masonry
54:08 Forging
53:59 Scale Mail Armor
54:04 Scale Barding Armor
54:01 Padded Archer Armor
53:51 Fletching
55:22 Conscription
55:07 Hussite Reforms
55:08 Wagenburg Tactics
56:01 Capped Ram
57:00 Long Swordsman
59:41 Houfnice
61:49 Halberdier
62:46 Cavalier
66:00 Light Cavalry
73:43 Elite Skirmisher
81:32 Wagenburg Tactics
87:20 Elite Hussite Wagon
87:27 Heavy Scorpion
91:43 Two-Man Saw
Connection lost

Rejoining the realm…

Still unreachable

The connection could not be restored.

Session expired

The server has moved on; the page needs a fresh start.